 Dungeon Crawl Stone Soup version 0.29.0-4-gdea44cf6ec (webtiles) character file.

Game seed: 1469254349098683341

577 qw the Ruffian (level 7, -4/57 HPs)
             Began as a Ghoul Enchanter on Sept 5, 2022.
             Slain by a gnoll
             ... wielding a +0 spear
             ... led by a gnoll sergeant
              (7 damage)
             ... on level 5 of the Dungeon.
             The game lasted 00:02:36 (5629 turns).

qw the Ruffian (Ghoul Enchanter)                    Turns: 5629, Time: 00:02:37

Health: -4/57      AC: 13    Str: 14    XL:     7   Next: 35%
Magic:  8/8        EV:  4    Int: 10    God:
Gold:   188        SH:  0    Dex:  9    Spells: 9/9 levels left

rFire   . . .      SeeInvis .     - Unarmed
rCold   + . .      Faith    .   (no shield)
rNeg    + + +      Spirit   .   i - +0 plate armour
rPois   inf        Reflect  .   (no helmet)
rElec   .          Harm     .   d - +0 cloak
rCorr   .          Rampage  .   j - +0 pair of gloves
Will    .....                   (no boots)
Stlth   ..........              (no amulet)
HPRegen 0.00/turn               (no ring)
MPRegen 0.11/turn               (no ring)

@: about to teleport, inhibited regen
A: claws 1, cold resistance 1, negative energy resistance 3, inhibited
regeneration, torment resistance 2, devour on kill
a: no special abilities


You were on level 5 of the Dungeon.
You visited 2 branches of the dungeon, and saw 6 of its levels.

You collected 188 gold pieces.


Innate Abilities, Weirdness & Mutations

You are immune to poison.
You have sharp fingernails.
Your flesh is cold resistant. (rC+)
You are immune to negative energy. (rN+++)
You do not regenerate when monsters are visible.
You are immune to unholy pain and torment.
You thrive by killing the living.


   Skills:
 - Level 3.0 Fighting
 - Level 0.8 Short Blades
 - Level 2.8 Armour
 - Level 1.7 Dodging
 - Level 3.2 Stealth
 + Level 6.5 Unarmed Combat
 - Level 1.7 Spellcasting
 - Level 2.4 Hexes


You had 9 spell levels left.
You didn't know any spells.
Your spell library contained the following spells:

 Spells                   Type           Power      Damage    Failure   Level
 Ensorcelled Hibernation  Hex/Ice        6%         N/A       100%        2
 Confusing Touch          Hex            5%         N/A       100%        3
 Dazzling Flash           Conj/Hex       6%         N/A       100%        3
 Tukima's Dance           Hex            5%         N/A       100%        3

Inventory:

Armour
 d - a +0 cloak (worn)
 i - a +0 plate armour (worn)
 j - a +0 pair of gloves (worn)
Jewellery
 b - a ring of fire
Scrolls
 f - 3 scrolls of identify
Potions
 c - a potion of curing

Dungeon Overview and Level Annotations

Branches:
Dungeon (5/15)             Temple (1/1) D:4

Altars:
Ashenzari
Cheibriados
Dithmenos
Fedhas
Gozag
Hepliaklqana
Kikubaaqudgha
Nemelex Xobeh
Qazlal
Ru
Sif Muna
Trog
Uskayaw
Vehumet
Wu Jian
Xom
Yredelemnul

Shops:
D:1 (


Message History

The gnoll sergeant hits you but does no damage.
You hit the gnoll sergeant but do no damage.
Your punch misses the gnoll sergeant.
The gnoll sergeant is lightly wounded.
The gnoll hits you but does no damage.
The gnoll sergeant hits you with a +0 spear.
You hit the gnoll sergeant but do no damage.
The gnoll sergeant is lightly wounded.
The gnoll sergeant hits you with a +0 spear!
The gnoll barely misses you.
You hit the gnoll sergeant.
The gnoll sergeant is lightly wounded.
The gnoll hits you but does no damage.
The gnoll sergeant hits you with a +0 spear!
You closely miss the gnoll sergeant.
The gnoll sergeant is lightly wounded.
You barely miss the gnoll sergeant.
The gnoll sergeant is lightly wounded.
The gnoll barely misses you. The gnoll sergeant barely misses you.
You hit the gnoll sergeant but do no damage.
The gnoll sergeant is lightly wounded.
The gnoll hits you but does no damage.
The gnoll sergeant hits you but does no damage.
You hit the gnoll sergeant.
The gnoll sergeant is moderately wounded.
The gnoll hits you with a +0 spear.
The gnoll sergeant hits you but does no damage.
5627 ||| READING scroll of teleportation.
As you read the scroll of teleportation, it crumbles to dust.
You feel strangely unstable. The gnoll hits you with a +0 spear.
The gnoll sergeant hits you but does no damage.
You hit the gnoll sergeant but do no damage.
The gnoll sergeant is moderately wounded.
The gnoll hits you with a +0 spear.
The gnoll sergeant hits you with a +0 spear.
You hit the gnoll sergeant.
The gnoll sergeant is moderately wounded.
The gnoll hits you with a +0 spear!
You die...

### #..
#.#####
###.#...
.....
##.####.#
#g@.....#
#g#######
#g# #.#
... ##. g
.#


You could see a gnoll sergeant and 2 gnolls.

Vanquished Creatures
  Eustachio (D:4)
  A phantom (D:4)
  A scorpion (D:3)
  2 jellies
  6 gnolls
  7 adders
  A shadow imp (D:4)
  2 worms
  3 orcs
  7 ball pythons
  3 bats
  15 endoplasms
  6 giant cockroaches
  7 goblins
  10 hobgoblins
  4 jackals (D:1)
  4 quokkas
  5 frilled lizards
  12 kobolds
  4 rats (D:1)
101 creatures vanquished.

Vanquished Creatures (others)
  3 fungi (D:3)
  111 plants
  12 toadstools (D:3)
  A withered plant (D:4)
127 creatures vanquished.

Grand Total: 228 creatures vanquished

Notes
Turn   | Place    | Note
-------+----------+-------------------------------------------
     0 | D:1      | qw the Ghoul Enchanter began the quest for the Orb.
     0 | D:1      | Reached XP level 1. HP: 14/14 MP: 2/2
     0 | D:1      | 0 ||| qw: Version: 0.1-a-104-g96f76f8
     0 | D:1      | 0 ||| qw: Game counter: 5914
     0 | D:1      | 0 ||| qw: Always use a shield: true
     0 | D:1      | 0 ||| qw: God list: Okawaru
     0 | D:1      | 0 ||| qw: Allow faded altars: false
     0 | D:1      | 0 ||| qw: Do Orc after D:15 true
     0 | D:1      | 0 ||| qw: Do second Lair branch before Depths: true
     0 | D:1      | 0 ||| qw: Lair rune preference: random
     0 | D:1      | 0 ||| qw: Plans: Normal
     0 | D:1      | 0 ||| PLANNING D:1-11
     1 | D:1      | 1 ||| DROPPING +1 dagger.
    80 | D:1      | HP: 3/14 [kobold/+0 dagger (3)]
   473 | D:1      | Reached skill level 1 in Unarmed Combat
   847 | D:1      | 847 ||| Stepping ~*~*~tactically~*~*~ (stealth).
   848 | D:1      | 848 ||| Stepping ~*~*~tactically~*~*~ (stealth).
   853 | D:1      | Reached XP level 2. HP: 22/22 MP: 3/3
   858 | D:1      | Reached skill level 1 in Fighting
   877 | D:1      | 877 ||| Stepping ~*~*~tactically~*~*~ (stealth).
   884 | D:1      | 884 ||| Stepping ~*~*~tactically~*~*~ (stealth).
   913 | D:1      | 913 ||| Stepping ~*~*~tactically~*~*~ (stealth).
   915 | D:1      | 915 ||| Stepping ~*~*~tactically~*~*~ (stealth).
  1422 | D:1      | Found Tuquhoos's Antique Weapon Boutique.
  1502 | D:1      | Reached skill level 2 in Unarmed Combat
  1711 | D:1      | 1711 ||| Stepping ~*~*~tactically~*~*~ (stealth).
  1743 | D:1      | 1743 ||| Stepping ~*~*~tactically~*~*~ (stealth).
  1745 | D:1      | 1745 ||| Stepping ~*~*~tactically~*~*~ (stealth).
  1855 | D:1      | Reached XP level 3. HP: 28/28 MP: 4/4
  1866 | D:1      | 1866 ||| Stepping ~*~*~tactically~*~*~ (stealth).
  2138 | D:1      | 2138 ||| UPGRADING to +0 leather armour.
  2148 | D:1      | 2148 ||| DROPPING +0 robe.
  2149 | D:1      | 2149 ||| UPGRADING to +0 cloak.
  2154 | D:1      | 2154 ||| READING 2 scrolls labelled ECAJUKU KEDD.
  2155 | D:1      | 2155 ||| READING scroll labelled RIAQAZO VU YLO.
  2160 | D:1      | 2160 ||| READING 2 scrolls labelled ZANIOV ATERPH.
  2161 | D:1      | 2161 ||| DROPPING 2 potions of invisibility.
  2162 | D:1      | 2162 ||| DROPPING scroll of noise.
  2219 | D:2      | 2219 ||| Stepping ~*~*~tactically~*~*~ (outnumbered).
  2220 | D:2      | 2220 ||| Stepping ~*~*~tactically~*~*~ (outnumbered).
  2471 | D:2      | 2471 ||| Stepping ~*~*~tactically~*~*~ (stealth).
  2479 | D:2      | Reached skill level 3 in Unarmed Combat
  2562 | D:2      | 2562 ||| Stepping ~*~*~tactically~*~*~ (outnumbered).
  2573 | D:2      | 2573 ||| Stepping ~*~*~tactically~*~*~ (stealth).
  2637 | D:2      | Identified the +1 ring mail "Tohauntesk" {Contam rElec
                  | Slay+2}
  2648 | D:2      | Found a faded altar of an unknown god.
  2787 | D:2      | Reached XP level 4. HP: 28/35 MP: 5/5
  3004 | D:2      | Reached skill level 4 in Unarmed Combat
  3077 | D:2      | 3077 ||| UPGRADING to +1 ring mail "Tohauntesk" {Contam
                  | rElec Slay+2}.
  3087 | D:2      | 3087 ||| DROPPING +0 leather armour.
  3088 | D:2      | 3088 ||| READING 2 scrolls labelled QAEX VYOTOI.
  3089 | D:2      | 3089 ||| READING scroll labelled HOARUV UPSIO.
  3090 | D:2      | 3090 ||| DRINKING 2 murky inky potions.
  3091 | D:2      | 3091 ||| READING 3 scrolls of identify.
  3091 | D:2      | 3091 ||| IDENTIFYING coppery potion
  3092 | D:2      | 3092 ||| DROPPING scroll of amnesia.
  3093 | D:2      | 3093 ||| DROPPING potion of attraction.
  3160 | D:3      | 3160 ||| Stepping ~*~*~tactically~*~*~ (stealth).
  3349 | D:3      | 3349 ||| Stepping ~*~*~tactically~*~*~ (stealth).
  3360 | D:3      | Reached XP level 5. HP: 35/41 MP: 6/6
  3383 | D:3      | 3383 ||| Stepping ~*~*~tactically~*~*~ (stealth).
  3476 | D:3      | Found a shimmering blue altar of Sif Muna.
  3501 | D:3      | Reached skill level 5 in Unarmed Combat
  3784 | D:3      | 3784 ||| Stepping ~*~*~tactically~*~*~ (outnumbered).
  3785 | D:3      | 3785 ||| Stepping ~*~*~tactically~*~*~ (outnumbered).
  3786 | D:3      | 3786 ||| Stepping ~*~*~tactically~*~*~ (outnumbered).
  3787 | D:3      | 3787 ||| Stepping ~*~*~tactically~*~*~ (outnumbered).
  3795 | D:3      | 3795 ||| Stepping ~*~*~tactically~*~*~ (outnumbered).
  3796 | D:3      | 3796 ||| Stepping ~*~*~tactically~*~*~ (outnumbered).
  3842 | D:3      | 3842 ||| Stepping ~*~*~tactically~*~*~ (outnumbered).
  3848 | D:3      | Reached XP level 6. HP: 39/48 MP: 7/7
  3852 | D:3      | 3852 ||| FLEEEEING.
  3853 | D:3      | 3853 ||| FLEEEEING.
  3854 | D:3      | 3854 ||| FLEEEEING.
  3855 | D:3      | 3855 ||| FLEEEEING.
  3856 | D:3      | 3856 ||| FLEEEEING.
  3857 | D:3      | 3857 ||| FLEEEEING.
  3858 | D:3      | 3858 ||| FLEEEEING.
  3975 | D:3      | 3975 ||| UPGRADING to +0 plate armour.
  3985 | D:3      | 3985 ||| DROPPING +1 ring mail "Tohauntesk" {Contam rElec
                  | Slay+2}.
  3986 | D:3      | 3986 ||| READING scroll labelled YRHAL QAORGH.
  3987 | D:3      | 3987 ||| READING scroll labelled ZEUWIGRIZYATA.
  3988 | D:3      | 3988 ||| READING scroll labelled HUESECEELU.
  4056 | D:4      | Noticed Eustachio
  4068 | D:4      | 4068 ||| Stepping ~*~*~tactically~*~*~ (outnumbered).
  4070 | D:4      | 4070 ||| Stepping ~*~*~tactically~*~*~ (outnumbered).
  4087 | D:4      | 4087 ||| Stepping ~*~*~tactically~*~*~ (outnumbered).
  4089 | D:4      | Found a staircase to the Ecumenical Temple.
  4090 | D:4      | 4090 ||| PLANNING TEMPLE
  4101 | D:4      | 4101 ||| Stepping ~*~*~tactically~*~*~ (stealth).
  4102 | D:4      | 4102 ||| Stepping ~*~*~tactically~*~*~ (stealth).
  4111 | D:4      | HP: 7/48 [iron imp[Eustachio] (7)]
  4112 | D:4      | 4112 ||| READING scroll of teleportation.
  4113 | D:4      | 4113 ||| DRINKING potion of heal wounds.
  4118 | D:4      | 4118 ||| FLEEEEING.
  4127 | D:4      | 4127 ||| STAIRDANCE
  4348 | Temple   | Entered the Ecumenical Temple
  4382 | Temple   | 4382 ||| PLANNING D:1-11
  4418 | D:4      | 4418 ||| Stepping ~*~*~tactically~*~*~ (outnumbered).
  4426 | D:4      | Killed Eustachio
  4596 | D:4      | Found a blossoming altar of Fedhas.
  4607 | D:4      | Found an ancient bone altar of Kikubaaqudgha.
  4635 | D:4      | 4635 ||| Stepping ~*~*~tactically~*~*~ (hiding).
  4742 | D:4      | Reached skill level 6 in Unarmed Combat
  4742 | D:4      | Reached XP level 7. HP: 48/55 MP: 8/8
  5446 | D:4      | 5446 ||| Stepping ~*~*~tactically~*~*~ (outnumbered).
  5447 | D:4      | 5447 ||| Stepping ~*~*~tactically~*~*~ (outnumbered).
  5448 | D:4      | 5448 ||| Stepping ~*~*~tactically~*~*~ (outnumbered).
  5449 | D:4      | 5449 ||| Stepping ~*~*~tactically~*~*~ (outnumbered).
  5450 | D:4      | 5450 ||| Stepping ~*~*~tactically~*~*~ (hiding).
  5453 | D:4      | 5453 ||| Stepping ~*~*~tactically~*~*~ (outnumbered).
  5457 | D:4      | Reached skill level 3 in Fighting
  5545 | D:4      | 5545 ||| UPGRADING to +0 pair of gloves.
  5550 | D:4      | 5550 ||| READING scroll labelled SETORPHEOQI.
  5551 | D:4      | 5551 ||| READING scroll labelled ZIXELU COOTAMN.
  5552 | D:4      | 5552 ||| READING 5 scrolls of identify.
  5552 | D:4      | 5552 ||| IDENTIFYING smoky white potion
  5553 | D:4      | 5553 ||| READING 4 scrolls of identify.
  5553 | D:4      | 5553 ||| IDENTIFYING inky potion
  5554 | D:4      | 5554 ||| DROPPING potion of magic.
  5586 | D:5      | Entered Level 5 of the Dungeon
  5593 | D:5      | 5593 ||| STAIRDANCE
  5603 | D:5      | 5603 ||| Stepping ~*~*~tactically~*~*~ (hiding).
  5608 | D:5      | 5608 ||| Stepping ~*~*~tactically~*~*~ (stealth).
  5612 | D:5      | 5612 ||| Stepping ~*~*~tactically~*~*~ (outnumbered).
  5626 | D:5      | HP: 10/57 [gnoll/+0 spear[a gnoll sergeant] (6)]
  5627 | D:5      | 5627 ||| READING scroll of teleportation.
  5628 | D:5      | HP: 4/57 [gnoll/+0 spear[a gnoll sergeant] (3)]
  5629 | D:5      | Slain by a gnoll

Levels and vault maps discovered:
D:1:      roderic_crop_circles_arrival_small, layout_loops_corners,
          serial_shops, nicolae_shop_hallway_plus, minmay_lizard_pond
D:2:      layout_basic, hellmonk_ecumenical_altar_zigzags
D:3:      cheibrodos_fertilizer, layout_basic,
          gammafunk_temple_overflow_elements, roderic_lattice_a, chequers_garden
D:4:      layout_cave_pods, grunt_temple_overflow_growth_and_decay,
          minmay_temple_entry_enclosed_plants, uniq_eustachio
D:5:      layout_basic, dk_noncrumbling_3, uniq_ijyb, uniq_grinder
Temple:   hellmonk_temple_of_storms

Skill      XL: |  1  2  3  4  5  6  7 |
---------------+----------------------+-----
Unarmed Combat | 1 2 3 4 5 6 |  6.5
Fighting       | 1 2 3 |  3.0
Armour         | 2 |  2.8
Short Blades   | |  0.8
Dodging        | |  1.7
Stealth        | |  3.2
Spellcasting   | |  1.7
Hexes          | |  2.4

Action                   |  1- 3 |  4- 6 |  7- 9 || total
-------------------------+-------+-------+-------++-------
Melee: Unarmed           |   175 |   195 |    62 ||   432
       Punch             |     1 |     7 |     1 ||     9
  Use: Scroll            |     3 |     7 |     5 ||    15
       Potion            |       |     2 |       ||     2
 Stab: Sleeping          |     2 |       |       ||     2
       Distracted        |       |     1 |       ||     1
Armor: Robe              |     7 |       |       ||     7
       Leather armour    |    21 |     4 |       ||    25
       Ring mail         |       |    18 |       ||    18
       Plate armour      |       |   135 |    34 ||   169
Dodge: Dodged            |    84 |    57 |    11 ||   152

Table legend:
 A = Non-vault XP
 B = Vault XP
 C = Vault XP percentage of total XP
 D = Non-vault monster count
 E = Vault monster count
 F = Vault count percentage of total count
                 A         B        C        D         E       F
            +---------+---------+-------+---------+---------+-------
      Total |     538 |     287 |  34.8 |      80 |      21 |  20.8
            +---------+---------+-------+---------+---------+-------
        D:1 |      39 |       4 |   9.3 |      23 |       4 |  14.8
        D:2 |      83 |       0 |   0.0 |      21 |       0 |   0.0
        D:3 |     141 |      69 |  32.9 |      18 |      16 |  47.1
        D:4 |     261 |     214 |  45.1 |      17 |       1 |   5.6
        D:5 |      14 |       0 |   0.0 |       1 |       0 |   0.0
            +---------+---------+-------+---------+---------+-------
